 Dungeon Crawl Stone Soup version 0.24.0-37-gcf1ca852f1 (webtiles) character file.

Game seed: 9634679529434866602, levelgen mode: deterministic

197 Cryoshakespeare the Grave Robber (level 5, 0/28 HPs)
             Began as a Vampire Necromancer on Nov 23, 2019.
             Was an Initiate of Okawaru.
             Slain by an orc wizard
             ... wielding a +0 dagger
              (1 damage)
             ... on level 2 of the Dungeon.
             The game lasted 00:10:08 (3419 turns).

Cryoshakespeare the Grave Robber (VpNe)             Turns: 3419, Time: 00:10:09

Health: 0/28       AC:  3    Str:  7    XL:     5   Next: 46%
Magic:  1/8        EV: 13    Int: 18    God:    Okawaru [......]
Gold:   63         SH:  0    Dex: 15    Spells: 4/8 levels left

rFire    . . .     SeeInvis +   e - +0 dagger
rCold    + + .     Gourm    .   (no shield)
rNeg     + + +     Faith    .   a - +0 robe
rPois    ∞         Spirit   .   m - +1 hat
rElec    .         Reflect  .   (no cloak)
rCorr    .         Harm     .   (no gloves)
MR       .....                  (no boots)
Stlth    ++++......             (no amulet)
HPRegen  0.00/turn              (no ring)
MPRegen  0.11/turn              (no ring)

@: very slightly contaminated, bloodless
A: no food, fangs 3, see invisible, unbreathing
a: Bat Form, Revivify, Renounce Religion


You were on level 2 of the Dungeon.
You worshipped Okawaru.
Okawaru was noncommittal.
You were bloodless.

You visited 1 branch of the dungeon, and saw 3 of its levels.

You collected 63 gold pieces.

Inventory:

Hand Weapons
 e - a +0 dagger (weapon)
Missiles
 i - 2 silver boomerangs (quivered)
 n - 14 poisoned darts
Armour
 a - a +0 robe (worn)
 m - a +1 hat (worn)
 p - a +2 chain mail of fire resistance
Jewellery
 f - a +3 ring of protection
 o - an uncursed ring of see invisible {unknown}
Scrolls
 c - a scroll of remove curse {unknown}
 g - 2 scrolls of identify {unknown}
 j - a scroll of teleportation {unknown}
 k - a scroll of fog {unknown}
Potions
 b - a potion of lignification
 d - a potion of brilliance {unknown}
 h - a potion of invisibility {unknown}
 l - a potion of might {unknown}


   Skills:
 - Level 2.1 Dodging
 - Level 3.0 Stealth
 - Level 2.0 Spellcasting
 + Level 7.5 Necromancy


You had 4 spell levels left.
You knew the following spells:

 Your Spells              Type           Power        Failure   Level  Hunger
a - Pain                  Necr           ####         1%          1    N/A
b - Vampiric Draining     Necr           ####......   2%          3    N/A

Your spell library contained the following spells:

 Spells                   Type           Power        Failure   Level  Hunger
 Animate Skeleton         Necr           N/A          1%          1    N/A
 Animate Dead             Necr           N/A          9%          4    N/A
 Regeneration             Chrm/Necr      ###.......   12%         3    N/A

Dungeon Overview and Level Annotations

Branches:
Dungeon (3/15)

Altars:
Fedhas
Okawaru
Trog
Vehumet


Innate Abilities, Weirdness & Mutations

You do not eat.
You do not regenerate when monsters are visible.
You are frail without blood (-20% HP).
You can heal yourself when you bite living creatures.
You are immune to poison.
You have razor-sharp teeth.
You have supernaturally acute eyesight. (SInv)
You can survive without breathing.


Message History

You are very lightly contaminated with residual magic.
Nothing appears to happen.
The orc wizard hits you with a +0 dagger.
* * * LOW HITPOINT WARNING * * *
The orc wizard points at you and mumbles some strange words.
The puff of frost hits you. You resist.
* * * LOW HITPOINT WARNING * * *
Unknown command.
You aren't carrying any items that you can evoke.
You can't eat.
Okay, then.
Okay, then.
Okay, then.
It was a potion of lignification.
You feel woody for a moment.
The orc wizard hits you with a +0 dagger.
* * * LOW HITPOINT WARNING * * *
You hit the orc wizard but do no damage.
The orc wizard is moderately wounded.
The orc wizard hits you with a +0 dagger.
You die...

# #######'#.[....#.# #
#.........####.#.# #
#.......÷......#.# #
#######.........######.# #
#......)....(..........#
#####.###########(#############
#.....# #.............#
#.###########################.#
................@o>...........#
#.########....####.############
.........'....####.######
#.########..............#
.....# ##.............# #.##.#
#.............# #.##.#
#.#.#...#######
#.##.########...#.#
#.##.##≈≈§≈≈#.#.#.#


You could see an orc wizard (invisible).

Vanquished Creatures
  An orc priest (D:3)
  Jessica (D:2)
  An orc wizard (D:3)
  2 adders
  2 oozes (D:1)
  4 worms
  2 leopard geckos (D:1)
  2 orcs
  9 bats
  3 giant cockroaches
  8 goblins
  10 hobgoblins
  7 jackals (D:1)
  A quokka (D:3)
  2 ball pythons (D:1)
  5 frilled lizards
  6 kobolds
  13 rats
79 creatures vanquished.

Notes
Turn   | Place    | Note
-------+----------+-------------------------------------------
     0 | D:1      | Cryoshakespeare the Vampire Necromancer began the quest for
                  | the Orb.
     0 | D:1      | Reached XP level 1. HP: 13/13 MP: 3/3
   189 | D:1      | Reached XP level 2. HP: 15/15 MP: 0/5
   291 | D:1      | Reached skill level 5 in Necromancy
   869 | D:1      | Reached XP level 3. HP: 19/19 MP: 2/6
  1038 | D:1      | Learned a level 3 spell: Vampiric Draining
  1481 | D:1      | Reached skill level 6 in Necromancy
  1588 | D:2      | Noticed Jessica
  1591 | D:2      | Killed Jessica
  1591 | D:2      | Reached XP level 4. HP: 24/24 MP: 1/7
  1921 | D:2      | Found a bloodstained altar of Trog.
  1929 | D:2      | Found an iron altar of Okawaru.
  1932 | D:2      | Found a blossoming altar of Fedhas.
  1935 | D:2      | Found a radiant altar of Vehumet.
  1950 | D:2      | Became a worshipper of Warmaster Okawaru
  2623 | D:3      | Reached skill level 7 in Necromancy
  2623 | D:3      | Reached XP level 5. HP: 12/28 MP: 4/8
  3418 | D:2      | HP: 1/28 [orc wizard/+0 dagger (3)]
  3419 | D:2      | Slain by an orc wizard

Levels and vault maps discovered:
D:1:      erik_arrival_gehennom, layout_basic
D:2:      layout_basic, grunt_temple_overflow_cloverleaf, first_ration,
          kennysheep_generic_room_13, uniq_jessica
D:3:      layout_basic

Skill      XL: |  1  2  3  4 |
---------------+-------------+-----
Necromancy     | 5 6 7 |  7.5
Dodging        | |  2.1
Stealth        | |  3.0
Spellcasting   | |  2.0

Action                   |  1- 3 |  4- 6 || total
-------------------------+-------+-------++-------
Melee: Unarmed           |    38 |       ||    38
       Bite              |     4 |     1 ||     5
       Dagger            |    10 |    15 ||    25
Throw: Boomerang         |       |     3 ||     3
       Dart              |       |     2 ||     2
 Cast: Pain              |    71 |    60 ||   131
       Vampiric Draining |     2 |     2 ||     4
 Abil: Exsanguinate      |     1 |       ||     1
  Use: Potion            |       |     1 ||     1
 Stab: Sleeping          |       |     4 ||     4
Armor: Robe              |    13 |     7 ||    20
Dodge: Dodged            |    52 |    13 ||    65
